 Dungeon Crawl Stone Soup version 0.13-a0-1693-g8ac13c1 (webtiles) character file.

1006 Kae the Cudgeler (level 7, 0/90 HPs)
             Began as a Minotaur Berserker on June 20, 2013.
             Was a Priest of Trog.
             Slain by a sky beast (5 damage)
             ... on Level 5 of the Dungeon.
             The game lasted 00:06:16 (3748 turns).

Kae the Cudgeler (Minotaur Berserker)               Turns: 3748, Time: 00:06:16

HP   0/90        AC  4     Str 27      XL: 7   Next: 61%
MP   2/2         EV 13     Int  4      God: Trog [***...]
Gold 194         SH  0     Dex 11      Spells:  0 memorised,  6 levels left

Res.Fire  : . . .   See Invis. : .   a - +0 mace
Res.Cold  : . . .   Warding    : .   b - +0 animal skin
Life Prot.: . . .   Conserve   : .   (no shield)
Res.Poison: .       Res.Corr.  : .   (helmet restricted)
Res.Elec. : .       Clarity    : .   k - +0 orc cloak
Sust.Abil.: . .     Spirit.Shd : .   l - +0 pair of gauntlets
Res.Mut.  : .       Stasis     : .   (no boots)
Res.Rott. : .       Flight     : .   (no amulet)
Saprovore : . . .                    (no ring)
                                     (no ring)

@: regenerating, berserking, very quick, very resistant to hostile enchantments,
extremely unstealthy
A: retaliatory headbutt, horns 2
a: Burn Spellbooks, Berserk, Trog's Hand, Renounce Religion


You were on level 5 of the Dungeon.
You worshipped Trog.
Trog was greatly pleased with you.
You were not hungry.

You visited 1 branch of the dungeon, and saw 5 of its levels.

You collected 174 gold pieces.

Inventory:

Hand weapons
 a - a +0,+0 mace (weapon)
Armour
 b - a +0 animal skin (worn)
 k - a +0 orcish cloak (worn)
 l - a +0 pair of gauntlets (worn)
Magical devices
 s - a wand of fireball (2) {unknown}
Comestibles
 c - 6 bread rations
 n - a choko
 z - a meat ration
 A - a rotting chunk of black bear flesh
 B - a chunk of goblin flesh
Scrolls
 d - a scroll of amnesia {unknown}
 e - a scroll of recharging {unknown}
 f - 4 scrolls of identify {unknown}
 j - a scroll of magic mapping {unknown}
 m - a scroll of remove curse {unknown}
 p - 2 scrolls of noise {unknown}
 r - a scroll of blinking {unknown}
 t - a scroll of fog {unknown}
 v - a scroll of enchant armour {unknown}
 x - a scroll of curse jewellery {unknown}
 y - a scroll of curse weapon {unknown}
 C - 2 scrolls of teleportation {unknown}
 E - a scroll of curse armour {unknown}
Potions
 g - a potion of slowing {unknown}
 h - 2 potions of degeneration {unknown}
 i - 2 potions of mutation {unknown}
 o - a potion of porridge {unknown}
 q - 2 potions of curing {unknown}
 u - a potion of brilliance {unknown}
 w - a potion of speed {unknown}
 D - a potion of restore abilities {unknown}


   Skills:
 + Level 5.5 Fighting
 * Level 7.3 Maces & Flails
 + Level 5.3 Armour
 + Level 4.4 Dodging


You had 6 spell levels left.
You didn't know any spells.

Dungeon Overview and Level Annotations

Branches:
Dungeon (5/27)
 Temple: D:4-7

Altars:
Trog
the Shining One


Innate Abilities, Weirdness & Mutations

You reflexively headbutt those who attack you in melee.
You have a pair of horns on your head.


Message History

Deactivating autopickup; reactivate with Ctrl-A.
It hits you. It shocks you.
* * * LOW HITPOINT WARNING * * *
Use which ability? (? or * to list)
A red film seems to cover your vision as you go berserk!
You feel yourself moving faster!
You feel mighty!
You feel somewhat more hungry. It hits you.
* * * LOW HITPOINT WARNING * * *
It shocks you!
* * * LOW HITPOINT WARNING * * *
You sock it! Your headbutt misses it. You closely miss it. It hits you.
* * * LOW HITPOINT WARNING * * *
It shocks you!
* * * LOW HITPOINT WARNING * * *
You miss it. Your headbutt misses it. You closely miss it. It hits you.
* * * LOW HITPOINT WARNING * * *
It shocks you.
You die...

#...###.###.####....
###.# #.# #.# #####
#.# #.# #.# # #.#
#.# #.# . #.# #.#
#.# . #.# #.###.#
#.# #...... #.#
#......# #@#
#........ #.#
#......# #z#
#>.....#
###.###......#
#.(...z.#
#.......######
#....$.........
#......!>.....
#......#######


You could see an adder zombie.

Vanquished Creatures
  The ghost of mrbobbyg the Chopper, an average LOGl (D:3)
  2 black bears (D:5)
  3 crimson imps (D:5)
  An ogre zombie (D:5)
  2 orc priests (D:4)
  A scorpion (D:4)
  A hound skeleton (D:4)
  3 worker ants
  4 gnolls (D:4)
  4 adders
  An inept feature mimic (D:3)
  A giant eyeball (D:4)
  An ooze (D:2)
  6 orcs
  5 bats
  3 giant cockroaches
  12 goblins
  6 hobgoblins
  6 jackals
  8 kobolds
  A quokka (D:3)
  A ball python (D:4)
  A giant gecko (D:4)
  7 giant newts
  A goblin skeleton (D:4)
  A kobold skeleton (D:5)
  A quokka skeleton (D:5)
  8 rats
92 creatures vanquished.

Vanquished Creatures (others)
  A jackal (D:4)
  A kobold (D:4)
  A ball python (D:2)
3 creatures vanquished.

Grand Total: 95 creatures vanquished

Notes
Turn   | Place    | Note
--------------------------------------------------------------
     0 | D:1      | Kae, the Minotaur Berserker, began the quest for the Orb.
     0 | D:1      | Reached XP level 1. HP: 19/19 MP: 0/0
   147 | D:1      | Reached XP level 2. HP: 16/26 MP: 0/0
   506 | D:2      | Reached skill level 4 in Maces & Flails
   580 | D:2      | Acquired Trog's second power
   857 | D:2      | Reached XP level 3. HP: 26/33 MP: 1/1
  1113 | D:3      | Noticed mrbobbyg's ghost (average LOGl)
  1132 | D:3      | Killed mrbobbyg's ghost
  1132 | D:3      | Reached skill level 5 in Maces & Flails
  1132 | D:3      | Reached XP level 4. HP: 11/40 MP: 1/1
  1132 | D:3      | Reached XP level 5. HP: 12/46 MP: 1/1
  2027 | D:5      | Entered Level 5 of the Dungeon
  2171 | D:4      | Reached XP level 6. HP: 49/53 MP: 2/2
  2199 | D:4      | Reached skill level 6 in Maces & Flails
  2228 | D:4      | Paralysed by a giant eyeball for 2 turns
  2231 | D:4      | Paralysed by a giant eyeball for 3 turns
  2782 | D:4      | Found a glowing golden altar of the Shining One.
  3079 | D:4      | Reached skill level 5 in Fighting
  3411 | D:5      | Reached XP level 7. HP: 53/60 MP: 2/2
  3419 | D:5      | Noticed a black bear
  3420 | D:5      | Found a bloodstained altar of Trog.
  3420 | D:5      | Noticed a black bear
  3441 | D:5      | Killed a black bear
  3441 | D:5      | Reached skill level 7 in Maces & Flails
  3441 | D:5      | Reached skill level 5 in Armour
  3443 | D:5      | Killed a black bear
  3730 | D:5      | Noticed a sky beast
  3748 | D:5      | Slain by a sky beast

Action                   |  1- 3 |  4- 6 |  7- 9 || total
-------------------------+-------+-------+-------++-------
Melee: Mace              |    98 |   122 |    38 ||   258
Invok: Trog's Hand       |     2 |     4 |     1 ||     7
       Berserk           |     1 |     1 |     2 ||     4
       Burn Spellbooks   |       |       |     1 ||     1
 Stab: Sleeping          |       |     1 |       ||     1
